 Dungeon Crawl Stone Soup version 0.23.0 (webtiles) character file.

Game seed: 8279096066169450888

132167 Jaiteiro the Blocker (level 17, -1/134 (135) HPs)
             Began as a Gnoll Fighter on Feb 15, 2019.
             Was the Champion of the Shining One.
             Killed from afar by a shock serpent (16 damage)
             ... with a bolt of electricity
             ... on level 2 of the Snake Pit.
             The game lasted 02:38:12 (26215 turns).

Jaiteiro the Blocker (Gnoll Fighter)               Turns: 26215, Time: 02:38:12

HP:   -1/134 (135)  AC: 20    Str: 23    XL:     17   Next: 11%
MP:   29/32         EV: 20    Int: 15    God:    the Shining One [******]
Gold: 2046          SH: 30    Dex: 21    Spells: 37/38 levels left

rFire    + . .     SeeInvis .   a - +7 war axe "Jomaihir" {freeze, Dex+4}
rCold    + . .     Gourm    +   F - +5 shield "Muifaso" {rPois Dex+2}
rNeg     + + +     Faith    .   Y - +0 plate armour of Gallantry {-Cast Regen+ Int+2}
rPois    +         Spirit   .   v - +1 hat {MR+}
rElec    .         Reflect  .   n - scarf {rC+ rF+}
rCorr    .         Harm     .   K - +1 pair of gloves
MR       +++..     NoCast   +   E - +0 pair of boots
Stlth    +.........             C - amulet of the gourmand
HPRegen  0.72/turn              q - ring of protection from magic
MPRegen  0.23/turn              Q - +6 ring of evasion

@: divine shield, glowing
A: distributed training, fangs 1, strong nose
a: Divine Shield, Cleansing Flame, Summon Divine Warrior, Brand Weapon With Holy
Wrath, Renounce Religion


You were on level 2 of the Snake Pit.
You worshipped the Shining One.
The Shining One was exalted by your worship.
You were very full.

You visited 4 branches of the dungeon, and saw 24 of its levels.
You also visited: Bailey and Gauntlet.

You collected 2046 gold pieces.

Inventory:

Hand Weapons
 a - the +7 war axe "Jomaihir" (weapon) {freeze, Dex+4}
   (You found it on level 2 of the Lair of Beasts)

   It has been specially enchanted to freeze those struck by it, causing extra
   injury to most foes and up to half again as much damage against particularly
   susceptible opponents.
   It can also slow down cold-blooded creatures.
   It affects your dexterity (+4).
 b - the +3 morningstar of Fixation {venom, +Fly rElec Int+4 Dex+4}
   (You found it on level 6 of the Lair of Beasts)

   It poisons the flesh of those it strikes.
   It affects your intelligence (+4).
   It affects your dexterity (+4).
   It insulates you from electricity.
   It lets you fly.
Missiles
 p - 18 silver javelins
 w - 81 sling bullets
 I - 1193 stones (quivered)
Armour
 n - a scarf of resistance (worn)
 v - a +1 hat of magic resistance (worn)
 E - a +0 pair of boots (worn)
 F - the +5 shield "Muifaso" (worn) {rPois Dex+2}
   (You found it on level 4 of the Dungeon)

   It affects your dexterity (+2).
   It protects you from poison.
 K - a +1 pair of gloves (worn)
 S - the +0 plate armour "Heanamesch" {-Cast rPois rC++ Str+2}
   (You found it on level 2 of the Snake Pit)

   It affects your strength (+2).
   It greatly protects you from cold.
   It protects you from poison.
   It prevents spellcasting.
 Y - the +0 plate armour of Gallantry (worn) {-Cast Regen+ Int+2}
   (You found it on level 6 of the Lair of Beasts)

   It affects your intelligence (+2).
   It prevents spellcasting.
   It increases your rate of regeneration.
Jewellery
 o - a +3 amulet of reflection
 q - a ring of protection from magic (left hand)
 C - an amulet of the gourmand (around neck)
 Q - a +6 ring of evasion (right hand)
 V - an uncursed ring of protection from fire
 W - an uncursed ring of resist corrosion
Wands
 m - a wand of enslavement (19)
 y - a wand of disintegration (9)
 D - a wand of flame (34)
 L - a wand of iceblast (21)
 O - a wand of digging (3)
 U - a wand of scattershot (12)
Scrolls
 g - a scroll of vulnerability {unknown}
 h - a scroll of blinking
 i - 3 scrolls of magic mapping
 k - 8 scrolls of enchant armour
 l - 6 scrolls of fear
 s - 6 scrolls of remove curse
 A - 9 scrolls of enchant weapon
 B - 12 scrolls of teleportation
 G - a scroll of fog
 R - 3 scrolls of summoning
 Z - a scroll of brand weapon {unknown}
Potions
 c - 2 potions of flight
 e - a potion of magic {unknown}
 j - 3 potions of haste
 r - a potion of resistance {unknown}
 t - 6 potions of agility
 u - 11 potions of curing
 x - 5 potions of heal wounds
 z - 3 potions of brilliance
 H - a potion of ambrosia {unknown}
 J - a potion of cancellation {unknown}
 M - a potion of berserk rage {unknown}
 N - 2 potions of might
 T - a potion of invisibility {unknown}
 X - 2 potions of mutation {unknown}
Comestibles
 d - 3 chunks of flesh
 f - 37 rations


   Skills:
 + Level 12.6 Fighting
 + Level 11.1 Short Blades
 + Level 11.1 Long Blades
 + Level 11.9 Axes
 + Level 11.1 Maces & Flails
 + Level 11.1 Polearms
 + Level 11.1 Staves
 + Level 11.1 Slings
 + Level 11.1 Bows
 + Level 11.1 Crossbows
 + Level 11.1 Throwing
 + Level 12.6 Armour
 + Level 11.1 Dodging
 + Level 11.1 Stealth
 + Level 12.6 Shields
 + Level 11.1 Unarmed Combat
 + Level 11.1 Spellcasting
 + Level 9.4 Conjurations
 + Level 9.4 Hexes
 + Level 9.4 Charms
 + Level 9.4 Summonings
 + Level 9.4 Necromancy
 + Level 9.4 Translocations
 + Level 9.4 Transmutations
 + Level 9.4 Fire Magic
 + Level 9.4 Ice Magic
 + Level 9.4 Air Magic
 + Level 9.4 Earth Magic
 + Level 9.4 Poison Magic
 + Level 12.0 Invocations
 + Level 11.1 Evocations


You had 37 spell levels left.
You knew the following spells:

 Your Spells              Type           Power        Failure   Level  Hunger
a - Summon Butterflies    Summ           #####...     2%          1    None

Your spell library contained the following spells:

 Spells                   Type           Power        Failure   Level  Hunger
 Apportation              Tloc           #####.       2%          1    None
 Confusing Touch          Hex            #####.       2%          1    None
 Corona                   Hex            #####..      2%          1    None
 Flame Tongue             Conj/Fire      #####        2%          1    None
 Magic Dart               Conj           ####         2%          1    None
 Shock                    Conj/Air       ####         2%          1    None
 Blink                    Tloc           N/A          3%          2    None
 Call Imp                 Summ           #####...     3%          2    None
 Slow                     Hex            #####...     3%          2    None
 Swiftness                Chrm/Air       #####...     3%          2    None
 Throw Flame              Conj/Fire      #####.       3%          2    None
 Confuse                  Hex            #####...     7%          3    None
 Conjure Flame            Conj/Fire      #####...     7%          3    None
 Gell's Gravitas          Tloc           #####.....   7%          3    None
 Inner Flame              Hex/Fire       #####...     7%          3    None
 Lesser Beckoning         Tloc           #####.....   7%          3    None
 Mephitic Cloud           Conj/Pois/Air  #####...     7%          3    None
 Portal Projectile        Hex/Tloc       #####.       7%          3    None
 Static Discharge         Conj/Air       #####...     7%          3    None
 Tukima's Dance           Hex            #####...     7%          3    None
 Airstrike                Air            #####.....   24%         4    ###....
 Cause Fear               Hex            #####.....   24%         4    ###....
 Leda's Liquefaction      Hex/Erth       #####.....   24%         4    ###....
 Petrify                  Tmut/Erth      #####...     24%         4    ###....
 Sticky Flame             Conj/Fire      #####...     24%         4    ###....
 Alistair's Intoxication  Tmut/Pois      #####...     54%         5    #####..
 Fireball                 Conj/Fire      #####.....   54%         5    #####..
 Irradiate                Conj/Tmut      #####.....   54%         5    #####..
 Lightning Bolt           Conj/Air       #####.....   54%         5    #####..
 Metabolic Englaciation   Hex/Ice        #####.....   54%         5    #####..
 Yara's Violent Unravell  Hex/Tmut       #####.....   54%         5    #####..
 Hydra Form               Tmut           #####.....   98%         6    ######.
 Invisibility             Hex            #####...     98%         6    ######.
 Statue Form              Tmut/Erth      #####....    98%         6    ######.
 Dragon Form              Tmut           #####.....   100%        7    #######


Dungeon Overview and Level Annotations

Branches:
Dungeon (14/15)            Temple (1/1) D:5            Lair (6/6) D:10
 Shoals (0/4) Lair:3        Snake (3/4) Lair:3        Slime (0/5) Lair:5
    Orc (0/2) D:10         Vaults (0/5) D:14

Altars:
Ashenzari
Cheibriados
Dithmenos
Fedhas
Okawaru
Trog
Uskayaw
Wu Jian
Xom
Yredelemnul
Zin
The Shining One
Jiyva

Shops:
D:4 =   D:5 [=(   Snake:1 (

Portals:
Trove: D:13 (give 4 scrolls of blinking)

Annotations:
Snake:3 Tuffe's ghost, adept FoFi


Innate Abilities, Weirdness & Mutations

Your experience applies equally to all skills.
You have very sharp teeth.
Your uncanny sense of smell can sniff out nearby items.


Message History

The shock serpent is no longer moving slowly.
You block the guardian serpent's attack.
You block the shock serpent's attack.
The guardian serpent closely misses you.
You closely miss the shock serpent. You bite the shock serpent.
The shock serpent is severely wounded.
You closely miss the guardian serpent. You block the shock serpent's attack.
You block the guardian serpent's attack.
You slash the shock serpent!
The shock serpent seems to slow down.
You freeze the shock serpent.
The shock serpent is almost dead.
You hit the guardian serpent. You freeze the guardian serpent.
The shock serpent's electric aura discharges, shocking you!
* * * LOW HITPOINT WARNING * * *
You block the guardian serpent's attack.
The shock serpent shoots out a bolt of lightning at you!
The bolt of electricity hits you!
* * * LOW HITPOINT WARNING * * *
The bolt of electricity hits you!
You die...

...# #)......# ...#
#[.....### ...#
##<.......# ...##
#(.[......# ....#
#.......#.# )...#
#........## ....##
##........#
.....###.......S##
.รท.....#.......S@#
.......[?......###
..............##
.............##
#............#
#.....[.....[##
#...#.........#
#...##.....####
###.##..#.##


You could see a shock serpent and a guardian serpent.

Vanquished Creatures
  Gastronok (Lair:1)
  A nagaraja (Snake:2)
  A minotaur (Gauntlet)
  Josephine (Lair:4)
  A yaktaur captain (D:14)
  An ice dragon (D:11)
  8 naga warriors
  10 hydras
  11 anacondas
  A centaur warrior (D:12)
  Erica (D:8)
  A tengu warrior (D:14)
  8 death yaks
  A catoblepas (Lair:6)
  4 two-headed ogres
  A deep troll shaman (Lair:6)
  8 naga sharpshooters
  Urug (Lair:4)
  2 shock serpents
  2 unseen horrors
  9 naga ritualists
  Pikel (D:4)
  A lindwurm (Lair:6)
  An oklob plant (Lair:6)
  An orc knight (Bailey)
  14 mana vipers
  9 ugly things
  A manticore (D:11)
  4 cyclopes
  6 salamanders
  11 elephants
  Maurice (D:8)
  A merfolk siren (Lair:3)
  2 smoke demons (Gauntlet)
  3 guardian serpents
  13 naga magi
  41 black mambas
  A torpor snail (Gauntlet)
  8 spiny frogs
  5 komodo dragons
  4 gargoyles
  2 freezing wraiths (D:11)
  4 rime drakes
  6 yaktaurs (D:14)
  2 red devils (Gauntlet)
  An efreet (D:11)
  3 trolls
  2 polar bears
  A wolf spider simulacrum (D:14)
  A hornet (D:11)
  12 blink frogs
  2 slime creatures (D:12)
  18 hippogriffs
  3 centaur simulacra (D:14)
  13 wyverns
  4 wraiths
  Grum (D:11)
  9 basilisks
  29 yaks
  A human (D:10)
  4 vampire mosquitoes (D:12)
  A hungry ghost (D:7)
  An acid dragon (D:11)
  2 soldier ants (D:12)
  24 nagas
  16 water moccasins
  15 porcupines
  17 orc warriors
  A black bear (Lair:6)
  3 sky beasts
  3 slaves (D:4)
  A meliai simulacrum (D:14)
  3 eyes of draining
  7 necrophages
  2 phantoms
  4 ice beasts
  14 wolves
  6 ogres
  9 centaurs
  10 crocodiles
  4 big kobolds
  27 bullfrogs
  A wyvern zombie (D:8)
  A water moccasin zombie (D:6)
  3 scorpions
  9 killer bees
  10 wights
  6 howler monkeys
  4 electric eels
  18 crimson imps
  5 bullfrog zombies
  3 centaur zombies
  A wyvern simulacrum (D:14)
  4 jellies
  2 quasits
  10 hounds
  4 orc priests
  A bullfrog skeleton (D:12)
  7 centaur skeletons
  8 iguanas
  12 orc wizards
  4 hell rats (Lair:6)
  9 worker ants
  A worker ant zombie (D:8)
  7 gnolls
  16 adders
  A river rat (D:10)
  3 shadow imps
  3 white imps (D:14)
  2 ufetubi (D:14)
  An adder skeleton (D:6)
  A worm (D:2)
  4 dart slugs
  4 leopard geckos
  68 orcs
  4 giant cockroaches
  11 goblins
  4 hobgoblins
  11 jackals
  2 quokkas
  6 ball pythons
  2 bats (D:1)
  3 frilled lizards
  26 kobolds
  A leopard gecko zombie (D:7)
  A quokka zombie (D:8)
  10 rats
  A fungus (Lair:4)
  A plant (Lair:1)
806 creatures vanquished.

Vanquished Creatures (collateral kills)
  3 black mambas (Snake:3)
  A naga (Snake:3)
4 creatures vanquished.

Vanquished Creatures (others)
  A naga mage (Snake:3)
  A hornet zombie (D:11)
  A hound (D:14)
  A worker ant zombie (D:11)
  2 bushes (Lair:4)
  5 fungi
  5 plants
16 creatures vanquished.

Grand Total: 826 creatures vanquished

Notes
Turn   | Place    | Note
-------+----------+-------------------------------------------
     0 | D:1      | Jaiteiro the Gnoll Fighter began the quest for the Orb.
     0 | D:1      | Reached XP level 1. HP: 23/23 MP: 1/1
   281 | D:1      | Reached XP level 2. HP: 29/29 MP: 2/2
   849 | D:2      | Reached XP level 3. HP: 27/35 MP: 3/3
  1079 | D:2      | Reached skill level 1 in Invocations
  1373 | D:2      | Reached skill level 1 in Short Blades
  1373 | D:2      | Reached skill level 1 in Long Blades
  1373 | D:2      | Reached skill level 1 in Maces & Flails
  1373 | D:2      | Reached skill level 1 in Polearms
  1373 | D:2      | Reached skill level 1 in Staves
  1373 | D:2      | Reached skill level 1 in Slings
  1373 | D:2      | Reached skill level 1 in Bows
  1373 | D:2      | Reached skill level 1 in Crossbows
  1373 | D:2      | Reached skill level 1 in Throwing
  1373 | D:2      | Reached skill level 1 in Dodging
  1373 | D:2      | Reached skill level 1 in Stealth
  1373 | D:2      | Reached skill level 1 in Unarmed Combat
  1373 | D:2      | Reached skill level 1 in Spellcasting
  1373 | D:2      | Reached skill level 1 in Evocations
  1487 | D:3      | Noticed an ogre
  1493 | D:3      | Killed an ogre
  1493 | D:3      | Reached skill level 1 in Conjurations
  1493 | D:3      | Reached skill level 1 in Hexes
  1493 | D:3      | Reached skill level 1 in Charms
  1493 | D:3      | Reached skill level 1 in Summonings
  1493 | D:3      | Reached skill level 1 in Necromancy
  1493 | D:3      | Reached skill level 1 in Translocations
  1493 | D:3      | Reached skill level 1 in Transmutations
  1493 | D:3      | Reached skill level 1 in Fire Magic
  1493 | D:3      | Reached skill level 1 in Ice Magic
  1493 | D:3      | Reached skill level 1 in Air Magic
  1493 | D:3      | Reached skill level 1 in Earth Magic
  1493 | D:3      | Reached skill level 1 in Poison Magic
  1493 | D:3      | Reached XP level 4. HP: 41/41 MP: 4/6
  1493 | D:3      | Reached XP level 5. HP: 47/47 MP: 4/7
  1606 | D:3      | Found a shimmering altar of Xom.
  1618 | D:3      | Reached XP level 6. HP: 53/53 MP: 8/8
  1634 | D:3      | Reached skill level 5 in Axes
  1975 | D:3      | Reached XP level 7. HP: 25/59 MP: 10/10
  2917 | D:4      | Noticed Pikel
  2941 | D:4      | Paralysed by Pikel for 4 turns
  2948 | D:4      | Paralysed by Pikel for 3 turns
  2999 | D:4      | Killed Pikel
  2999 | D:4      | Reached XP level 8. HP: 45/67 MP: 10/12
  3082 | D:4      | Got a crude shield
  3093 | D:4      | Identified the +5 shield "Muifaso" {rPois Dex+2} (You found
                  | it on level 4 of the Dungeon)
  3473 | D:4      | Found Emmaf's Jewellery Boutique.
  3594 | D:5      | Entered Level 5 of the Dungeon
  3614 | D:5      | Found a staircase to the Ecumenical Temple.
  3624 | Temple   | Entered the Ecumenical Temple
  3672 | Temple   | Became a worshipper of the Shining One
  3872 | D:5      | Found Neatsiam's Armour Shoppe.
  4007 | D:5      | Found Luylacs's Jewellery Boutique.
  4046 | D:5      | Found a bloodstained altar of Trog.
  4053 | D:5      | Found a shadowy altar of Dithmenos.
  4090 | D:5      | Found Xistrick's Antique Weapon Emporium.
  4326 | D:6      | Found a blossoming altar of Fedhas.
  4326 | D:6      | Found a snail-covered altar of Cheibriados.
  4326 | D:6      | Found a hide-covered altar of Uskayaw.
  4436 | D:6      | Reached XP level 9. HP: 72/72 MP: 14/14
  4606 | D:6      | Reached * piety under the Shining One
  5528 | D:7      | Found a basalt altar of Yredelemnul.
  5587 | D:7      | Reached skill level 5 in Invocations
  5696 | D:8      | Reached ** piety under the Shining One
  5736 | D:8      | Reached XP level 10. HP: 80/80 MP: 15/17
  5738 | D:8      | Noticed Maurice
  5768 | D:8      | Killed Maurice
  5814 | D:8      | Reached skill level 5 in Short Blades
  5814 | D:8      | Reached skill level 5 in Long Blades
  5814 | D:8      | Reached skill level 5 in Maces & Flails
  5814 | D:8      | Reached skill level 5 in Polearms
  5814 | D:8      | Reached skill level 5 in Staves
  5814 | D:8      | Reached skill level 5 in Slings
  5814 | D:8      | Reached skill level 5 in Bows
  5814 | D:8      | Reached skill level 5 in Crossbows
  5814 | D:8      | Reached skill level 5 in Throwing
  5814 | D:8      | Reached skill level 5 in Dodging
  5814 | D:8      | Reached skill level 5 in Stealth
  5814 | D:8      | Reached skill level 5 in Unarmed Combat
  5814 | D:8      | Reached skill level 5 in Spellcasting
  5814 | D:8      | Reached skill level 5 in Evocations
  6087 | D:8      | Reached *** piety under the Shining One
  6200 | D:8      | Noticed Erica
  6217 | D:8      | Killed Erica
  6675 | D:9      | Reached XP level 11. HP: 54/86 MP: 19/19
  6895 | D:9      | Found a shattered altar of Ashenzari.
  7066 | D:9      | Learned a level 1 spell: Summon Butterflies
  7087 | D:9      | Found an ornate altar of the Wu Jian Council.
  7087 | D:9      | Found an iron altar of Okawaru.
  7167 | D:9      | Noticed a two-headed ogre
  7177 | D:9      | Killed a two-headed ogre
  7413 | D:10     | Entered Level 10 of the Dungeon
  7413 | D:10     | Found a staircase to the Lair.
  7413 | D:10     | Noticed a death yak
  7414 | D:10     | Noticed a death yak
  7418 | D:10     | Noticed a death yak
  7420 | D:9      | Reached skill level 5 in Conjurations
  7420 | D:9      | Reached skill level 5 in Hexes
  7420 | D:9      | Reached skill level 5 in Charms
  7420 | D:9      | Reached skill level 5 in Summonings
  7420 | D:9      | Reached skill level 5 in Necromancy
  7420 | D:9      | Reached skill level 5 in Translocations
  7420 | D:9      | Reached skill level 5 in Transmutations
  7420 | D:9      | Reached skill level 5 in Fire Magic
  7420 | D:9      | Reached skill level 5 in Ice Magic
  7420 | D:9      | Reached skill level 5 in Air Magic
  7420 | D:9      | Reached skill level 5 in Earth Magic
  7420 | D:9      | Reached skill level 5 in Poison Magic
  7434 | D:9      | Killed a death yak
  7518 | D:10     | Killed a death yak
  7524 | D:10     | Killed a death yak
  7546 | D:10     | Found a staircase to the Orcish Mines.
  7932 | D:10     | Found a flagged portal.
  7955 | Bailey   | Entered a bailey
  9244 | Bailey   | Noticed an orc knight
  9258 | Bailey   | Killed an orc knight
  9302 | Bailey   | Got a warped steel ring
  9306 | Bailey   | Identified the ring of Lawunt {Int+2 SInv} (You found it in
                  | a bailey)
  9640 | D:11     | Noticed a four-headed hydra
  9652 | D:11     | Killed a four-headed hydra
  9652 | D:11     | Reached XP level 12. HP: 83/95 MP: 20/22
 10088 | D:11     | Noticed a two-headed ogre
 10100 | D:11     | Killed a two-headed ogre
 10105 | D:11     | Noticed Grum
 10128 | D:11     | Killed Grum
 10324 | D:11     | Reached **** piety under the Shining One
 10331 | D:11     | The Shining One protects you from harm!
 10692 | D:11     | Noticed an ice dragon
 10736 | D:11     | HP: 4/96 [ice dragon/blast of cold (30)]
 10737 | D:11     | Killed an ice dragon
 11920 | D:12     | Noticed a seven-headed hydra
 11932 | D:12     | Killed a six-headed hydra
 11932 | D:12     | Reached skill level 10 in Fighting
 11932 | D:12     | Reached skill level 10 in Armour
 11932 | D:12     | Reached skill level 10 in Shields
 11950 | D:12     | Noticed a seven-headed hydra
 11973 | D:12     | Killed a seven-headed hydra
 12034 | D:12     | The Shining One protects you from harm!
 12078 | D:12     | Reached XP level 13. HP: 56/102 MP: 24/24
 13367 | D:13     | Found a portal to a secret trove of treasure.
 13735 | D:14     | Found a gate leading to a gauntlet.
 13831 | D:14     | Noticed a yaktaur captain
 13832 | D:14     | Reached ***** piety under the Shining One
 13839 | D:14     | Found a gate to the Vaults.
 13846 | D:14     | Killed a yaktaur captain
 13897 | Gauntlet | Entered a Gauntlet
 13897 | Gauntlet | Found a transporter.
 13897 | Gauntlet | Found a transporter.
 13899 | Gauntlet | Found a transporter.
 13899 | Gauntlet | Found a transporter.
 13919 | Gauntlet | Found a transporter.
 14000 | Gauntlet | Found a transporter.
 14000 | Gauntlet | Found a transporter.
 14220 | Gauntlet | Got a polished falchion
 14222 | Gauntlet | Identified the +6 falchion of the Fool {venom, MR+ Str+3}
                  | (You found it in a Gauntlet)
 14224 | Gauntlet | Found a runed translucent door.
 14224 | Gauntlet | Found a runed translucent door.
 14230 | Gauntlet | Found a transporter.
 14261 | Gauntlet | Got a faintly humming hat
 14322 | Gauntlet | Noticed a minotaur
 14334 | Gauntlet | Killed a minotaur
 14352 | Gauntlet | Identified the -3 hat of Dogmatism {rN+ rCorr Int-3 Dex+3}
                  | (You found it in a Gauntlet)
 14833 | D:14     | Reached XP level 14. HP: 91/110 MP: 26/26
 15245 | D:14     | Reached skill level 10 in Axes
 15690 | Lair:1   | Entered Level 1 of the Lair of Beasts
 16243 | Lair:1   | Noticed Gastronok
 16278 | Lair:1   | Killed Gastronok
 16969 | Lair:2   | Got an ancient war axe
 16970 | Lair:2   | Identified the +7 war axe "Jomaihir" {freeze, Dex+4} (You
                  | found it on level 2 of the Lair of Beasts)
 17058 | Lair:2   | Reached skill level 10 in Invocations
 17597 | Lair:3   | Found a staircase to the Snake Pit.
 17872 | Lair:3   | You fall through a shaft for 3 floors!
 17872 | Lair:6   | Entered Level 6 of the Lair of Beasts
 18107 | Lair:6   | Got an ancient morningstar
 18108 | Lair:6   | Identified the +3 morningstar of Fixation {venom, +Fly
                  | rElec Int+4 Dex+4} (You found it on level 6 of the Lair of
                  | Beasts)
 18140 | Lair:6   | Reached ****** piety under the Shining One
 18262 | Lair:6   | Reached XP level 15. HP: 58/118 MP: 28/28
 18909 | Lair:6   | Got a transparent plate armour
 18910 | Lair:6   | Identified the cursed +0 plate armour of Gallantry {-Cast
                  | Regen+ Int+2} (You found it on level 6 of the Lair of
                  | Beasts)
 19568 | Lair:5   | You fall through a shaft!
 20106 | Lair:5   | Found a viscous altar of Jiyva.
 20106 | Lair:5   | Found a staircase to the Slime Pits.
 20721 | Lair:4   | Noticed Josephine
 20735 | Lair:4   | Killed Josephine
 20779 | Lair:4   | Reached skill level 10 in Short Blades
 20779 | Lair:4   | Reached skill level 10 in Long Blades
 20779 | Lair:4   | Reached skill level 10 in Maces & Flails
 20779 | Lair:4   | Reached skill level 10 in Polearms
 20779 | Lair:4   | Reached skill level 10 in Staves
 20779 | Lair:4   | Reached skill level 10 in Slings
 20779 | Lair:4   | Reached skill level 10 in Bows
 20779 | Lair:4   | Reached skill level 10 in Crossbows
 20779 | Lair:4   | Reached skill level 10 in Throwing
 20779 | Lair:4   | Reached skill level 10 in Dodging
 20779 | Lair:4   | Reached skill level 10 in Stealth
 20779 | Lair:4   | Reached skill level 10 in Unarmed Combat
 20779 | Lair:4   | Reached skill level 10 in Spellcasting
 20779 | Lair:4   | Reached skill level 10 in Evocations
 20991 | Lair:4   | Noticed Urug
 20999 | Lair:4   | Killed Urug
 21318 | Lair:3   | Found a staircase to the Shoals.
 21751 | Snake:1  | Entered Level 1 of the Snake Pit
 22699 | Snake:1  | Reached XP level 16. HP: 126/126 MP: 30/30
 23061 | Snake:1  | Found Heajioly's Weapon Emporium.
 23498 | Snake:2  | Noticed a nagaraja
 23510 | Snake:2  | Killed a nagaraja
 24209 | Snake:2  | Got a crude plate armour
 24210 | Snake:2  | Identified the +0 plate armour "Heanamesch" {-Cast rPois
                  | rC++ Str+2} (You found it on level 2 of the Snake Pit)
 24804 | Snake:3  | Found a runed translucent gate.
 24805 | Snake:3  | Found a runed translucent gate.
 24806 | Snake:3  | Found a runed translucent gate.
 24808 | Snake:3  | Noticed Tuffe's ghost (adept FoFi)
 24836 | Snake:3  | Found a runed translucent gate.
 24836 | Snake:3  | Found a runed translucent gate.
 24847 | Snake:3  | Found a runed translucent gate.
 24853 | Snake:3  | Got a crystal scimitar
 25704 | Snake:3  | Identified the +1 scimitar "Orb Guardian's Peril"
                  | {antimagic, +Fly rC+} (You found it on level 3 of the Snake
                  | Pit)
 25874 | Snake:3  | Reached XP level 17. HP: 110/134 MP: 32/32
 26215 | Snake:2  | Killed from afar by a shock serpent

Skill      XL: |  1  2  3  4  5  6  7  8  9 10 11 12 13 14 15 16 17 |
---------------+----------------------------------------------------+-----
Invocations    | 1 2 3 4 5 6 7 8 9 10 11 12 | 12.0
Short Blades   | 1 2 3 4 5 6 7 8 9 10 11 | 11.1
Long Blades    | 1 2 3 4 5 6 7 8 9 10 11 | 11.1
Maces & Flails | 1 2 3 4 5 6 7 8 9 10 11 | 11.1
Polearms       | 1 2 3 4 5 6 7 8 9 10 11 | 11.1
Staves         | 1 2 3 4 5 6 7 8 9 10 11 | 11.1
Slings         | 1 2 3 4 5 6 7 8 9 10 11 | 11.1
Bows           | 1 2 3 4 5 6 7 8 9 10 11 | 11.1
Crossbows      | 1 2 3 4 5 6 7 8 9 10 11 | 11.1
Throwing       | 1 2 3 4 5 6 7 8 9 10 11 | 11.1
Dodging        | 1 2 3 4 5 6 7 8 9 10 11 | 11.1
Stealth        | 1 2 3 4 5 6 7 8 9 10 11 | 11.1
Unarmed Combat | 1 2 3 4 5 6 7 8 9 10 11 | 11.1
Spellcasting   | 1 2 3 4 5 6 7 8 9 10 11 | 11.1
Evocations     | 1 2 3 4 5 6 7 8 9 10 11 | 11.1
Conjurations   | 1 2 3 4 5 6 7 8 9 |  9.4
Hexes          | 1 2 3 4 5 6 7 8 9 |  9.4
Charms         | 1 2 3 4 5 6 7 8 9 |  9.4
Summonings     | 1 2 3 4 5 6 7 8 9 |  9.4
Necromancy     | 1 2 3 4 5 6 7 8 9 |  9.4
Translocations | 1 2 3 4 5 6 7 8 9 |  9.4
Transmutations | 1 2 3 4 5 6 7 8 9 |  9.4
Fire Magic     | 1 2 3 4 5 6 7 8 9 |  9.4
Ice Magic      | 1 2 3 4 5 6 7 8 9 |  9.4
Air Magic      | 1 2 3 4 5 6 7 8 9 |  9.4
Earth Magic    | 1 2 3 4 5 6 7 8 9 |  9.4
Poison Magic   | 1 2 3 4 5 6 7 8 9 |  9.4
Axes           | 5 6 7 8 9 10 11 | 11.9
Fighting       | 7 8 9 10 11 12 | 12.6
Armour         | 7 8 9 10 11 12 | 12.6
Shields        | 7 8 9 10 11 12 | 12.6

Action                   |  1- 3 |  4- 6 |  7- 9 | 10-12 | 13-15 | 16-18 || total
-------------------------+-------+-------+-------+-------+-------+-------++-------
Melee: War axe           |    91 |    82 |   340 |   112 |   498 |   485 ||  1608
       Bite              |     9 |    12 |    51 |   130 |   191 |    87 ||   480
       Scimitar          |       |       |       |   179 |   346 |       ||   525
       Hand axe          |       |       |       |   383 |       |       ||   383
       Morningstar       |       |       |       |    27 |   190 |     5 ||   222
       Falchion          |       |       |       |       |    51 |       ||    51
Throw: Stone             |       |       |    11 |     4 |    11 |       ||    26
       Tomahawk          |       |       |       |     5 |       |       ||     5
Invok: Divine Shield     |       |       |       |    11 |     3 |     2 ||    16
       Summon Divine War |       |       |       |       |       |     1 ||     1
  Use: Scroll            |       |       |     5 |    11 |    17 |     4 ||    37
       Potion            |       |       |       |     1 |       |       ||     1
  Eat: Chunk             |     2 |     2 |    23 |    25 |    34 |    14 ||   100
Armor: Scale mail        |    15 |       |       |       |       |       ||    15
       Plate armour      |    34 |    58 |   158 |   201 |   291 |   122 ||   864
       Ice dragon scales |       |       |       |    63 |    30 |       ||    93
Dodge: Dodged            |    15 |    14 |    58 |   210 |   390 |   285 ||   972
Block: Shield            |    47 |    44 |   295 |   785 |  1031 |   629 ||  2831
       Reflection        |       |       |       |       |     8 |       ||     8
       Rpst.: Scimitar   |       |       |       |    19 |    32 |       ||    51
       Falchion          |       |       |       |       |     5 |       ||     5
